 Dungeon Crawl Stone Soup version 0.19-a0-1886-gd64a0f0 (webtiles) character file.

142 KarmaPolice the Vandal (level 5, -6/36 HPs)
             Began as a Halfling Hunter on Oct 16, 2016.
             Killed from afar by an orc wizard (8 damage)
             ... with a puff of frost
             ... on level 3 of the Dungeon.
             The game lasted 00:06:23 (3105 turns).

KarmaPolice the Vandal (Halfling Hunter)            Turns: 3105, Time: 00:06:24

Health: -6/36      AC:  4    Str: 13    XL:     5   Next: 49%
Magic:  5/5        EV: 14    Int:  9    God:
Gold:   85         SH:  0    Dex: 16    Spells: 0 memorised, 4 levels left

rFire  . . .     SeeInvis .     a - +1 hunting sling
rCold  . . .     Gourm    .     c - +0 leather armour
rNeg   . . .     Faith    .     (shield restricted)
rPois  .         Spirit   .     (no helmet)
rElec  .         Dismiss  .     (no cloak)
rCorr  .         Reflect  .     o - +0 pair of gloves
MR     .....     Harm     .     (no boots)
Stlth  ++........               (no amulet)
                                (no ring)
                                (no ring)

@: lethally poisoned (-6 -> -22)
A: mutation resistance 1
a: no special abilities


You were on level 3 of the Dungeon.
You were not hungry.

You visited 1 branch of the dungeon, and saw 4 of its levels.

You collected 85 gold pieces.

Inventory:

Hand Weapons
 a - a +1 hunting sling (weapon)
 b - a +0 short sword
 j - a cursed -2 dagger
 q - a +0 blowgun
Missiles
 d - 18 sling bullets (quivered)
 e - 33 stones
 r - 4 poisoned needles
Armour
 c - a +0 leather armour (worn)
 o - a +0 pair of gloves (worn)
Jewellery
 v - an uncursed amulet of guardian spirit {unknown}
Scrolls
 g - 2 scrolls of remove curse {unknown}
 h - a scroll of teleportation {unknown}
 i - 4 scrolls of identify {unknown}
 k - a scroll of amnesia {unknown}
 l - a scroll of blinking {unknown}
Potions
 n - a potion of agility {unknown}
 p - a potion of brilliance {unknown}
 s - a potion of flight {unknown}
Comestibles
 f - a bread ration
 m - 2 chunks of flesh
 u - a slice of pizza
 w - 2 fruits


   Skills:
 + Level 2.8 Fighting
 + Level 2.2 Short Blades
 + Level 6.9 Slings
 + Level 0.4 Armour
 - Level 2.1 Dodging
 - Level 3.0 Stealth


You had 4 spell levels left.
You didn't know any spells.

Dungeon Overview and Level Annotations

Branches:
Dungeon (4/15)
 Temple: D:4-7

Altars:
Vehumet


Innate Abilities, Weirdness & Mutations

You are small and have problems with some larger weapons.
You are somewhat resistant to further mutation.


Message History

Firing (i - inventory. (,) - cycle):
d - 20 sling bullets (quivered)
Press: ? - help, Shift-Dir - straight line, f - orc wizard
Aim: an orc wizard, wielding a dagger of venom and wearing a robe (lightly wounded, fast)
You shoot a sling bullet.
The sling bullet hits the orc wizard but does no damage.
The orc wizard is lightly wounded.
The orc wizard closely misses you.
Firing (i - inventory. (,) - cycle):
d - 19 sling bullets (quivered)
Press: ? - help, Shift-Dir - straight line, f/p - orc wizard
Aim: an orc wizard, wielding a dagger of venom and wearing a robe (lightly wounded, fast)
You shoot a sling bullet. The sling bullet hits the orc wizard.
The orc wizard is moderately wounded.
* * * LOW HITPOINT WARNING * * *
You feel sick.
The orc wizard hits you with a dagger of venom.
* * * LOW HITPOINT WARNING * * *
You are more poisoned.
The orc wizard points at you and mumbles some strange words.
The puff of frost hits you!
You die...

#.............# #...#......
#...###..###### #...#.#.... .##
#...# #.##########...#.#..(. ...#
#...# #.#....#.......#.#....
#...##...# #.#.##.#[###...#.#....
#........###.#.##..>###...#.####.
#...§..#...#.#.##.##(.....#.# #.
#..§.§.#...#.#.##o...######.####.
#.§.§..###......@...#### #.##...
#[...§.......#)##)#....## #.##.##
#.$....##....#.##.####..# #.##.#
#.#.#####.†#...[......#.###.##.#
# #..####...###........#.# #..#
#..## ###.#......# ##..# #..#
#.#.....## #...####..## #.#.....#
###.#..#.....### #.......#


You could see an orc wizard.

Vanquished Creatures
  An orc priest (D:4)
  3 adders
  An ooze (D:1)
  2 worms (D:2)
  A dart slug (D:2)
  4 leopard geckos
  2 orcs (D:3)
  4 goblins
  8 hobgoblins
  10 jackals
  7 kobolds
  A quokka (D:2)
  A ball python (D:2)
  10 bats
  5 frilled lizards
  7 rats
67 creatures vanquished.

Vanquished Creatures (others)
  A bat (D:3)
1 creature vanquished.

Grand Total: 68 creatures vanquished

Notes
Turn   | Place    | Note
-------+----------+-------------------------------------------
     0 | D:1      | KarmaPolice the Halfling Hunter began the quest for the Orb.
     0 | D:1      | Reached XP level 1. HP: 14/14 MP: 1/1
   130 | D:1      | Reached skill level 6 in Slings
   140 | D:1      | Reached XP level 2. HP: 11/19 MP: 2/2
   355 | D:1      | Reached skill level 1 in Short Blades
   540 | D:1      | Reached XP level 3. HP: 18/24 MP: 3/3
  1444 | D:2      | Reached XP level 4. HP: 28/29 MP: 4/4
  2701 | D:3      | Reached XP level 5. HP: 31/35 MP: 5/5
  2703 | D:3      | Found a radiant altar of Vehumet.
  3105 | D:3      | Killed from afar by an orc wizard

Vault maps used:
D:1:      nicolae_arrival_somewhat_less_tricky_arrival
D:3:      fiery_altar_vehumet
D:4:      minivault_1, patterned_corridor, uniq_menkaure, uniq_robin

Skill      XL: |  1  2  3  4  5 |
---------------+----------------+-----
Slings         | 6 |  6.9
Short Blades   | 1 2 |  2.2
Fighting       | 2 |  2.8
Stealth        | 2 3 |  3.0
Armour         | |  0.4
Dodging        | |  2.1

Action                   |  1- 3 |  4- 6 || total
-------------------------+-------+-------++-------
Melee: Short sword       |    93 |    63 ||   156
 Fire: Hunting sling     |    29 |   108 ||   137
  Use: Potion            |       |     2 ||     2
 Stab: Sleeping          |       |     2 ||     2
       Distracted        |       |     1 ||     1
  Eat: Chunk             |     2 |     5 ||     7
Armor: Leather armour    |    31 |    32 ||    63
Dodge: Dodged            |    89 |    83 ||   172
